Map: 뉴 리퍼그넌시 - 래더

Players

생수

  • Race: Zerg Zerg
  • Spawn Location: 7:00

IIIIIIIIIII - Winner!

  • Race: Terran Terran
  • League: Master
  • Spawn Location: 1:00

VOD

Have the link to the VOD?

Description

Time

  • Played on: Feb. 17, 2019, 12:28 a.m.
  • Length: 25:53
Show
View Real Time Build Order
Export as new Build Order

생수 Zerg 

Build Orders: Hatch First 

Get SALT Encoding   

  12  0:01  Drone  
  13  0:12  Overlord  
  13  0:23  Drone  
  14  0:30  Drone  
  14  0:32  Drone  
  16  0:51  Hatchery, Drone  
  16  0:55  Drone  
  17  0:59  Drone  
  18  1:10  Extractor  
  17  1:14  Spawning Pool  
  17  1:17  Drone  
  17  1:20  Drone  
  18  1:30  Drone  
  19  1:40  Drone  
  20  2:02  Queen  
  20  2:03  Queen  
  24  2:10  Zergling x2  
  24  2:12  Hatchery, Zergling x2  
  26  2:15  Zergling x2  
  26  2:21  Overlord  
  26  2:30  Drone x2  
  26  2:36  Spore Crawler  
  27  2:39  Spore Crawler  
  27  2:43  Queen  
  30  2:45  Metabolic Boost  
  30  2:50  Drone  
  30  2:51  Drone  
  32  2:55  Overlord  
  33  2:58  Drone  
  33  3:01  Drone  
  33  3:04  Drone  
  35  3:07  Drone  
  36  3:15  Overlord, Drone x2  
  38  3:27  Queen  
  38  3:30  Drone x3  
  43  3:34  Queen  
  43  3:40  Queen  
  47  3:47  Drone  
  47  3:48  Drone x2  
  50  3:50  Overlord  
  50  3:56  Drone  
  50  3:57  Drone x2  
  50  4:00  Zergling x4  
  55  4:03  Zergling x2  
  55  4:04  Drone  
  57  4:11  Drone  
  57  4:13  Overlord  
  57  4:14  Overlord  
  58  4:23  Overlord  
  58  4:33  Drone x4  
  58  4:34  Drone x2  
  58  4:35  Drone  
  65  4:43  Spore Crawler x2  
  65  4:45  Spore Crawler, Drone  
  62  4:46  Drone x2  
  62  4:50  Drone  
  62  4:51  Evolution Chamber  
  62  4:52  Evolution Chamber  
  64  4:53  Drone  
  64  4:54  Drone x5  
  64  4:55  Drone  
  64  4:56  Drone  
  64  4:59  Drone  
  73  5:01  Extractor  
  73  5:02  Extractor  
  73  5:04  Drone  
  72  5:11  Drone  
  72  5:12  Drone  
  74  5:17  Extractor, Zerg Melee Weapons Level 1, Zerg Ground Armor Level 1  
  74  5:21  Zergling x14  
  69  5:46  Extractor, Drone x2  
  69  5:54  Overlord x3  
  69  6:01  Spore Crawler  
  67  6:07  Hatchery  
  67  6:08  Lair  
  67  6:09  Drone  
  67  6:10  Drone x2  
  67  6:11  Overlord  
  66  6:15  Drone x3  
  68  6:21  Drone x9  
  72  6:27  Queen  
  72  6:29  Overlord  
  73  6:33  Overlord x2  
  73  6:34  Queen  
  73  6:36  Drone  
  76  6:40  Drone  
  76  6:41  Drone x2  
  76  6:42  Drone  
  76  6:43  Drone  
  76  6:44  Drone  
  76  6:45  Baneling Nest  
  76  6:46  Drone  
  82  6:57  Extractor, Drone  
  82  6:58  Drone x2  
  80  7:17  Hydralisk Den  
  80  7:18  Drone  
  80  7:19  Drone x2  
  80  7:20  Drone  
  80  7:21  Drone x4  
  85  7:24  Queen, Drone x4  
  85  7:27  Drone  
  92  7:33  Zerg Ground Armor Level 2, Zerg Melee Weapons Level 2  
  92  7:39  Centrifical Hooks  
  92  7:41  Zergling x18  
  101  7:48  Grooved Spines  
  101  7:50  Hydralisk x3  
  107  7:52  Spore Crawler  
  107  7:56  Hydralisk x3  
  111  8:06  Extractor  
  111  8:07  Hydralisk x3, Drone x3  
  119  8:15  Infestation Pit  
  118  8:20  Overseer  
  118  8:28  Burrow  
  118  8:29  Hydralisk  
  118  8:31  Overlord x4  
  118  8:32  Overlord x2  
  120  8:48  Infestation Pit  
  119  8:49  Hatchery, Drone  
  119  8:50  Hydralisk  
  119  8:51  Hydralisk x7  
  119  8:55  Hydralisk x2  
  137  8:59  Hydralisk x2, Muscular Augments  
  141  9:13  Hydralisk x8  
  157  9:28  Hive  
  157  9:34  Drone  
  157  9:35  Drone x2  
  159  9:40  Hatchery  
  154  9:50  Zerg Missile Weapons Level 1  
  154  10:12  Zergling x12  
  160  10:14  Overlord x3  
  160  10:15  Overlord  
  160  10:20  Hatchery  
  159  10:27  Overlord x5  
  159  10:35  Zergling x12  
  160  10:36  Zergling x20  
  160  10:37  Baneling  
  160  10:38  Baneling x6  
  174  10:45  Zergling x6  
  174  10:46  Zergling x2  
  174  10:53  Zergling x14  
  179  10:59  Adrenal Glands  
  179  11:01  Spawning Pool  
  167  11:08  Zerg Melee Weapons Level 3  
  163  11:17  Viper x3  
  169  11:19  Zergling x2  
  169  11:20  Zergling x12  
  169  11:24  Hydralisk x8  
  173  11:33  Zergling x10  
  173  11:37  Queen  
  180  11:51  Zergling x2  
  180  11:52  Zergling x14  
  188  11:55  Extractor  
  188  11:56  Baneling  
  188  11:57  Baneling x22  
  187  12:01  Ultralisk Cavern  
  187  12:02  Zerg Ground Armor Level 3  
  179  12:12  Zergling x2  
  179  12:13  Zergling x4  
  176  12:22  Zergling x30  
  187  12:24  Baneling x4  
  187  12:25  Drone  
  187  12:26  Drone  
  183  12:47  Spire  
  183  12:49  Spire  
  162  12:52  Chitinous Plating  
  158  13:03  Unknown x2  
  158  13:04  Unknown  
  151  13:08  Drone x4  
  151  13:09  Drone x8  
  151  13:10  Drone x2  
  151  13:12  Extractor  
  164  13:13  Extractor  
  163  13:24  Ultralisk x2  
  163  13:25  Ultralisk  
  163  13:26  Zergling x2  
  182  13:27  Ultralisk Cavern  
  182  13:28  Zergling x4  
  171  13:47  Unknown  
  171  13:48  Unknown  
  151  13:58  Spore Crawler x2  
  151  13:59  Corruptor x2  
  151  14:00  Corruptor x6  
  160  14:06  Drone x2  
  160  14:19  Drone  
  159  14:24  Nydus Network  
  159  14:28  Drone x4  
  159  14:29  Drone  
  161  14:36  Zerg Flyer Weapons Level 1  
  161  14:40  Corruptor  
  161  14:45  Drone x2  
  165  14:53  Corruptor  
  165  14:54  Corruptor  
  169  15:01  Drone  
  169  15:02  Drone x3  
  171  15:13  Corruptor, Drone x2  
  173  15:17  Zergling x8  
  173  15:20  Drone  
  173  15:21  Drone  
  168  15:22  Drone  
  168  15:23  Drone  
  170  15:33  Drone  
  170  15:34  Drone x3  
  170  15:35  Drone x4  
  178  15:38  Corruptor  
  180  15:44  Drone  
  181  15:52  Hatchery  
  181  15:54  Zerg Missile Weapons Level 2  
  177  16:05  Zergling x2  
  177  16:06  Zergling x24  
  177  16:08  Nydus Canal  
  181  16:19  Drone x10  
  188  16:27  Drone x4  
  188  16:28  Drone x2  
  188  16:29  Drone x2  
  168  16:43  Corruptor  
  168  16:44  Corruptor x3  
  160  16:55  Zerg Flyer Weapons Level 2  
  160  16:57  Corruptor x2  
  164  17:05  Drone  
  165  17:14  Baneling x9  
  165  17:15  Zergling x22  
  171  17:16  Zergling x6  
  176  17:31  Zergling x2  
  176  17:33  Ultralisk x3  
  172  17:45  Hydralisk  
  172  17:46  Corruptor x2  
  172  17:47  Corruptor x2  
  172  17:51  Viper x3  
  186  18:10  Hatchery  
  169  18:17  Hatchery x2  
  154  18:20  Corruptor x3  
  154  18:22  Ultralisk  
  154  18:24  Zergling x10  
  137  18:57  Corruptor x8  
  149  19:04  Drone  
  149  19:05  Drone  
  150  19:14  Zergling x2  
  150  19:15  Zergling x28  
  153  19:23  Ultralisk  
  144  19:29  Zergling x18  
  130  19:43  Baneling  
  130  19:48  Ultralisk  
  116  20:00  Drone  
  116  20:01  Drone  
  116  20:12  Ultralisk  
  116  20:19  Corruptor x2  
  120  20:22  Hatchery  
  119  20:29  Hatchery  
  119  20:35  Zergling x24  
  125  20:36  Zergling x2  
  131  20:43  Ultralisk  
  131  20:49  Drone x5  
  142  20:50  Drone  
  142  20:52  Drone  
  144  20:57  Drone  
  144  20:58  Drone x2  
  144  21:02  Zergling x10  
  135  21:19  Extractor x2  
  133  21:33  Extractor  
  133  21:36  Extractor, Corruptor  
  133  21:46  Zergling x10  
  133  21:47  Zergling x18  
  147  21:50  Zergling x14  
  147  22:03  Corruptor x2  
  144  22:12  Corruptor  
  140  22:19  Drone  
  140  22:20  Drone x2  
  140  22:22  Extractor x2, Drone x3  
  145  22:23  Drone  
  145  22:24  Drone x2  
  147  22:32  Corruptor x2  
  141  22:45  Zergling x30  
  141  22:50  Hatchery  
  149  22:51  Drone  
  148  23:00  Drone  
  148  23:03  Hatchery  
  148  23:04  Drone  
  140  23:20  Hatchery  
  140  23:21  Zergling x2  
  140  23:22  Ultralisk, Zergling x2  
  140  23:23  Zergling x6  
  150  23:34  Drone x3  
  150  23:35  Drone x3  
  150  23:36  Drone  
  150  23:40  Anabolic Synthesis  
  157  23:46  Zerg Flyer Armor Level 1  
  142  24:06  Corruptor  
  142  24:07  Corruptor x2  
  120  24:13  Corruptor x3  
  121  24:23  Corruptor  
  122  24:36  Corruptor  
  122  24:37  Corruptor x2  
  128  24:40  Corruptor  
  128  24:45  Zergling x4  
  126  24:55  Zergling x18  
  122  25:02  Zergling x10  
  106  25:14  Drone x6  
  106  25:19  Drone x6  
  115  25:35  Drone x2  
  123  25:37  Drone  
  123  25:38  Drone  
Show
View Real Time Build Order
Export as new Build Order

IIIIIIIIIII Terran - Winner!

Build Orders: Hellion Opening, Reaper Expand 

Get SALT Encoding   

  12  0:01  SCV  
  13  0:13  SCV  
  14  0:17  Supply Depot  
  14  0:25  SCV  
  15  0:38  SCV  
  15  0:40  Barracks  
  16  0:45  Refinery  
  16  0:50  SCV  
  17  1:03  SCV  
  18  1:15  SCV  
  19  1:27  Orbital Command, Reaper  
  20  1:40  Command Center  
  20  1:51  Supply Depot  
  20  1:54  SCV  
  21  1:58  Refinery  
  21  2:02  Marine  
  21  2:06  SCV  
  23  2:18  Factory  
  23  2:28  SCV, Barracks Reactor  
  24  2:41  SCV  
  25  2:53  SCV  
  25  2:55  Orbital Command  
  26  3:05  SCV  
  27  3:06  Starport  
  27  3:12  Hellion x2  
  31  3:16  Supply Depot  
  31  3:17  SCV  
  31  3:18  Barracks Tech Lab  
  32  3:26  SCV  
  33  3:29  SCV  
  33  3:33  Hellion x2  
  38  3:38  SCV  
  39  3:45  Fusion Core  
  39  3:54  Hellion  
  44  3:58  Hellion  
  44  4:01  SCV  
  44  4:02  SCV  
  48  4:07  Supply Depot  
  48  4:09  Marine  
  49  4:12  Viking  
  48  4:23  Command Center  
  48  4:27  SCV x2  
  48  4:30  Refinery  
  50  4:41  SCV  
  50  4:42  Barracks Tech Lab, Battlecruiser  
  57  4:46  SCV  
  57  4:52  Refinery  
  58  4:53  SCV  
  59  5:02  Marine  
  59  5:04  Supply Depot  
  59  5:06  SCV  
  59  5:07  SCV  
  62  5:18  Barracks, Factory Tech Lab  
  62  5:19  Barracks  
  62  5:25  SCV x2  
  60  5:36  Marine  
  60  5:38  SCV  
  60  5:40  SCV  
  60  5:41  SCV  
  60  5:46  Battlecruiser  
  59  5:51  Siege Tank  
  59  5:54  Marine, SCV  
  59  5:55  Orbital Command  
  64  6:01  Engineering Bay  
  64  6:10  Engineering Bay  
  64  6:12  Marine  
  64  6:14  Barracks  
  62  6:23  SCV  
  62  6:24  SCV x2  
  57  6:29  Stimpack  
  57  6:30  Marine, Barracks Reactor  
  58  6:35  Weapon Refit  
  58  6:37  SCV  
  58  6:38  SCV, Siege Tank  
  63  6:41  SCV  
  64  6:48  Terran Infantry Weapons Level 1, Terran Infantry Armor Level 1  
  64  6:50  SCV  
  65  6:55  Starport  
  65  7:00  SCV x2  
  67  7:02  SCV  
  68  7:12  SCV x2  
  68  7:14  SCV  
  71  7:21  Battlecruiser  
  71  7:22  Marine x2  
  77  7:23  Marine x4  
  77  7:24  SCV  
  77  7:28  Supply Depot x2  
  77  7:29  Orbital Command  
  84  7:32  Starport Reactor  
  84  7:35  Barracks  
  84  7:40  Marine, Supply Depot  
  85  7:44  Armory  
  85  7:49  Marine  
  85  7:50  SCV x2  
  88  7:55  SCV  
  89  8:00  Marine x2  
  89  8:01  Siege Tank  
  89  8:02  SCV x2, Barracks Reactor  
  96  8:08  SCV  
  97  8:14  SCV x2  
  97  8:16  Supply Depot  
  97  8:17  Supply Depot  
  99  8:20  SCV  
  99  8:24  Marine  
  99  8:25  Supply Depot x2  
  99  8:26  SCV x2  
  103  8:29  Combat Shield  
  103  8:32  Terran Vehicle And Ship Armor Level 1, SCV  
  103  8:33  Marine x2  
  106  8:35  Medivac  
  106  8:36  Barracks Reactor  
  106  8:38  Medivac, SCV  
  106  8:39  Marine  
  106  8:40  SCV  
  113  8:45  Supply Depot  
  113  8:48  Refinery, Supply Depot  
  113  8:58  Marine  
  113  8:59  Marine x6  
  120  9:03  Refinery  
  120  9:16  Marine  
  121  9:19  Marine x4  
  121  9:22  SCV x3  
  121  9:24  Marine x3  
  129  9:25  Medivac x2, Battlecruiser  
  141  9:34  SCV x2, Command Center  
  141  9:37  Terran Infantry Weapons Level 2  
  143  9:42  SCV  
  143  9:43  Marine x2  
  134  9:46  SCV  
  134  9:48  Supply Depot  
  135  9:54  Marine x5  
  135  9:59  Drilling Claws  
  140  10:00  Widow Mine  
  140  10:01  Medivac x2  
  146  10:10  Marine x4  
  146  10:12  Marine x5  
  155  10:19  Barracks  
  155  10:23  Supply Depot  
  155  10:25  Sensor Tower  
  155  10:27  Marine, Barracks  
  156  10:33  Factory  
  156  10:40  Marine x2  
  154  10:45  Battlecruiser  
  160  10:54  Marine x6  
  160  10:55  Marine  
  167  10:58  Marine  
  167  10:59  Terran Infantry Armor Level 2  
  166  11:07  Marine x2  
  168  11:12  Marine x5  
  173  11:24  Marine x4  
  173  11:25  Marine x2  
  177  11:26  Siege Tank  
  177  11:27  Medivac  
  177  11:28  Medivac  
  177  11:29  Marine  
  171  11:34  Command Center  
  171  11:41  Terran Vehicle And Ship Armor Level 2  
  171  11:46  Barracks Reactor  
  171  11:48  Barracks Tech Lab  
  171  11:49  Starport, Battlecruiser  
  171  11:50  Barracks, Factory Tech Lab  
  171  11:53  Supply Depot x2  
  173  12:09  Marine  
  173  12:10  Marine x5, Marauder  
  173  12:17  Marine x2, Marauder  
  167  12:24  Siege Tank x2  
  167  12:27  Marine  
  172  12:35  Marine  
  172  12:36  Marine x4, Marauder  
  171  12:52  Marine x2, Marauder  
  171  12:56  Siege Tank x2  
  171  12:57  Marauder  
  183  13:14  Marauder  
  183  13:18  Battlecruiser  
  191  13:22  Starport Tech Lab, Barracks Tech Lab  
  191  13:26  Planetary Fortress  
  188  13:38  Terran Infantry Weapons Level 3  
  185  13:53  Marine x5, Marauder x3  
  196  13:56  Marine  
  197  14:08  Terran Vehicle And Ship Armor Level 3  
  197  14:14  Marauder  
  197  14:16  SCV  
  194  14:31  Refinery  
  194  14:34  Refinery  
  194  14:38  Orbital Command  
  194  14:39  Command Center  
  194  14:42  Command Center  
  194  14:45  Missile Turret  
  194  14:46  Missile Turret, Command Center  
  194  14:49  Missile Turret  
  186  15:20  Marine x2, Marauder x2  
  186  15:21  Battlecruiser  
  198  15:58  Marine x2  
  198  15:59  Marauder x2, Viking  
  198  16:00  Battlecruiser, Viking  
  194  16:10  Marine x2  
  194  16:11  Marauder  
  192  16:20  Marauder x2  
  186  16:26  Marine x2  
  186  16:32  Marauder  
  164  16:41  Marine x2  
  164  16:42  Marauder x2  
  164  16:45  Marine, Terran Ship Weapons Level 1  
  164  16:46  Siege Tank  
  170  16:47  Marine x2  
  170  16:48  Siege Tank  
  170  16:49  Viking, Battlecruiser  
  170  16:53  Marauder  
  184  16:56  Orbital Command  
  184  17:02  Medivac  
  184  17:03  Marauder x2  
  190  17:15  Marauder  
  192  17:18  Widow Mine  
  192  17:20  Widow Mine  
  192  17:21  Refinery  
  192  17:22  Refinery  
  196  17:24  Marauder  
  196  17:25  Marauder  
  196  17:33  Marine x3  
  196  17:36  Marauder  
  174  17:46  Marine x2, Marauder x2  
  174  17:47  Marine  
  174  17:50  Marine x3  
  182  17:57  Marauder  
  184  18:04  Marine  
  185  18:06  Starport Tech Lab  
  185  18:07  Marauder x2  
  189  18:14  Planetary Fortress  
  189  18:18  SCV x4  
  189  18:19  Marauder  
  185  18:29  Marine, Marauder x2  
  185  18:30  Marine x2  
  192  18:40  Marauder  
  192  18:41  Orbital Command  
  180  18:42  Marine x2  
  180  18:43  Marine  
  180  18:47  Marine x2  
  171  18:50  Marauder x2  
  169  18:56  Terran Ship Weapons Level 2  
  169  18:59  Terran Infantry Armor Level 3  
  169  19:02  Marauder  
  171  19:03  SCV x2  
  170  19:11  Marauder x2  
  174  19:18  Marine  
  174  19:21  Supply Depot  
  174  19:22  Supply Depot  
  174  19:23  Marauder  
  174  19:33  Marine, Marauder x2, Battlecruiser  
  183  19:44  Marauder  
  181  19:48  Marine x3  
  181  19:49  Siege Tank  
  181  19:50  Siege Tank  
  189  19:54  Marauder x2  
  178  20:06  Marauder  
  156  20:08  Marine  
  156  20:11  Missile Turret  
  156  20:12  Missile Turret  
  147  20:14  Missile Turret  
  147  20:15  Marauder  
  147  20:16  Marine, Marauder  
  147  20:17  Marine  
  150  20:27  Marauder  
  152  20:31  Marine  
  153  20:37  Marauder x2  
  153  20:42  Marine x2, Missile Turret  
  158  20:44  Missile Turret  
  158  20:49  Marauder  
  160  20:50  Marine x2, Command Center  
  160  20:51  Marine  
  160  20:52  Medivac x2  
  167  20:58  Marauder x2  
  167  21:10  Marauder  
  165  21:17  Terran Ship Weapons Level 3  
  165  21:18  Marine x3  
  156  21:20  Marauder x2  
  163  21:31  Marauder  
  163  21:41  Marauder x2  
  163  21:43  Command Center  
  167  21:48  Command Center  
  167  21:53  Marauder  
  169  21:58  Marine  
  168  22:02  Marauder  
  168  22:03  Marauder  
  172  22:13  Battlecruiser x2  
  172  22:14  Marine, Marauder  
  187  22:24  Marauder  
  189  22:35  Command Center  
  159  22:53  Marine x3, Marauder  
  159  22:54  Marine, Marauder x2, Siege Tank x2  
  159  22:55  Medivac x2  
  163  23:12  Command Center  
  157  23:15  Marauder  
  157  23:17  Medivac  
  161  23:37  Orbital Command  
  161  23:40  Marine x4, Marauder x2  
  161  23:41  Marauder  
  169  23:47  Refinery  
  169  23:51  Refinery  
  159  24:02  Marauder x2  
  162  24:07  Marine x4, Marauder  
  162  24:08  Marine x6  
  156  24:23  Marauder x2  
  160  24:25  Marine x5  
  160  24:29  Planetary Fortress, Refinery x2, Marauder  
  167  24:44  Marauder  
  167  24:45  Marauder  
  171  24:47  Missile Turret  
  171  24:50  Marauder  
  149  25:00  Missile Turret  
  149  25:06  Marauder x2  
  153  25:11  Marauder  
  153  25:13  Marine x2  
  155  25:14  Widow Mine  
  155  25:15  Medivac x2, Widow Mine  
  158  25:23  Missile Turret  
  158  25:27  Marauder x2  
Tags
 
Add a new tag
Caveats
  • Supply blocks, unpowered buildings, or Contaminate may cause inaccurate times.
  • Supply counts are checked every 10 seconds.